 Dungeon Crawl Stone Soup version 0.27.1-33-g824d729ab1 (webtiles) character file.

Game seed: 3021764969456948497

50 MisterFreud the Thaumaturge (level 3, -2/26 HPs)
             Began as a Gnoll Wanderer on Dec 20, 2021.
             Was a Follower of Trog.
             Slain by a worm (10 damage)
             ... on level 3 of the Dungeon.
             The game lasted 00:03:14 (2184 turns).

MisterFreud the Thaumaturge (Gnoll Wanderer)        Turns: 2184, Time: 00:03:15

Health: -2/26      AC:  2    Str: 12    XL:     3   Next: 79%
Magic:  13/13      EV: 11    Int: 11    God:    Trog [*.....]
Gold:   104        SH:  0    Dex: 11    Spells: 15/20 levels left

rFire    . . .     SeeInvis .   k - +2 mace (venom)
rCold    . . .     Faith    .   (no shield)
rNeg     . . .     Spirit   .   b - +0 robe
rPois    .         Reflect  .   (no helmet)
rElec    .         Harm     .   (no cloak)
rCorr    .         Rampage  .   (no gloves)
Will     .....                  (no boots)
Stlth    +.........             f - amulet of magic regeneration
HPRegen  0.08/turn              (no ring)
MPRegen  0.38/turn              (no ring)

@: no status effects
A: fangs 1, strong nose, distributed training
a: Renounce Religion, Berserk


You were on level 3 of the Dungeon.
You worshipped Trog.
Trog was aware of your devotion.
You visited 1 branch of the dungeon, and saw 3 of its levels.

You collected 104 gold pieces.

Inventory:

Hand Weapons
 a - a +0 club
 k - a +2 mace of venom (weapon)
Armour
 b - a +0 robe (worn)
Jewellery
 f - an amulet of magic regeneration (around neck)
Scrolls
 d - a scroll of teleportation
 g - 2 scrolls of blinking
 h - a scroll of magic mapping
 i - a scroll of summoning {unknown}
Potions
 c - 3 potions of curing
 e - a potion of heal wounds {unknown}
 j - a potion of resistance {unknown}
 l - a potion of ambrosia {unknown}


   Skills:
 + Level 1.0 Fighting
 + Level 1.0 Short Blades
 + Level 1.0 Long Blades
 + Level 1.0 Axes
 + Level 1.0 Maces & Flails
 + Level 1.0 Polearms
 + Level 1.0 Staves
 + Level 1.0 Slings
 + Level 1.0 Bows
 + Level 1.0 Crossbows
 + Level 1.0 Throwing
 + Level 1.0 Armour
 + Level 1.0 Dodging
 + Level 1.0 Stealth
 + Level 2.6 Shields
 + Level 1.0 Unarmed Combat
 + Level 9.3 Spellcasting
 + Level 2.1 Conjurations
 + Level 0.7 Hexes
 + Level 0.7 Summonings
 + Level 2.1 Necromancy
 + Level 0.7 Translocations
 + Level 2.1 Transmutations
 + Level 0.7 Fire Magic
 + Level 0.7 Ice Magic
 + Level 0.7 Air Magic
 + Level 0.7 Earth Magic
 + Level 2.1 Poison Magic
 + Level 1.0 Invocations
 + Level 2.6 Evocations


You had 15 spell levels left.
You knew the following spells:

 Your Spells              Type           Power      Damage    Failure   Level
a - Magic Dart            Conj           36%        1d4       5%          1
b - Blink                 Tloc           N/A        N/A       16%         2
c - Call Imp              Summ           6%         N/A       16%         2

Your spell library contained the following spells:

 Spells                   Type           Power      Damage    Failure   Level
 Slow                     Hex            6%         N/A       16%         2
 Mephitic Cloud           Conj/Pois/Air  8%         N/A       21%         3
 Conjure Flame            Conj/Fire      8%         6-21      22%         3


Dungeon Overview and Level Annotations

Branches:
Dungeon (3/15)

Altars:
Cheibriados
Trog

Annotations:
D:2 1 runed translucent door, Crazy Yiuf


Innate Abilities, Weirdness & Mutations

You have very sharp teeth.
Your uncanny sense of smell can sniff out nearby items.
Your experience applies equally to all skills.


Message History

Found a knobbly glowing staff.
Found 13 gold pieces.
Found a stone staircase leading down.
Found 9 stones.
You now have 104 gold pieces (gained 13).
A worm comes into view.
A worm is nearby!
A gnoll comes into view. It is wielding a +0 whip.
Found 24 sling bullets.
A bat and 3 gnolls come into view.
The gnoll hits you with a +0 spear.
You hit the gnoll.
The gnoll is poisoned.
You bite the gnoll.
The gnoll is moderately wounded.
The gnoll hits you with a +0 spear!
You hit the gnoll.
The gnoll looks as sick as possible!
You bite the gnoll, but do no damage.
The gnoll is severely wounded.
You kill the gnoll!
Trog accepts your kill.
Your Fighting skill increases to level 1!
Your Short Blades skill increases to level 1!
Your Long Blades skill increases to level 1!
Your Axes skill increases to level 1!
Your Maces & Flails skill increases to level 1!
Your Polearms skill increases to level 1!
Your Staves skill increases to level 1!
Your Slings skill increases to level 1!
Your Bows skill increases to level 1!
Your Crossbows skill increases to level 1!
Your Throwing skill increases to level 1!
Your Armour skill increases to level 1!
Your Dodging skill increases to level 1!
Your Stealth skill increases to level 1!
Your Unarmed Combat skill increases to level 1!
Unknown command.
Unknown command.
Unknown command.
The worm bites you!
Things that are here:
a +0 spear; a gnoll corpse You hit the worm but do no damage.
The worm is poisoned.
The worm bites you!
You die...

...### ##.....## .........
#........ #......# #......#
#.# #### .## #.# ....###..#
#@# #.........# #......#.#
#w# #.........# #(.......#
#.# #.........#
#........###.# #.........#
#.........##.###.........####
#.......#.##................#
#....(.wg..............|....#
#......##..#................#
#...... ##.#.######.#.#######


You could see a worm (very poisoned).

Vanquished Creatures
  A gnoll (D:3)
  An adder (D:2)
  An endoplasm (D:2)
  A giant cockroach (D:2)
  3 goblins
  5 hobgoblins
  2 jackals (D:1)
  3 kobolds
  5 ball pythons (D:2)
  3 bats
  2 frilled lizards (D:1)
  6 rats
33 creatures vanquished.

Notes
Turn   | Place    | Note
-------+----------+-------------------------------------------
     0 | D:1      | Reached skill level 9 in Spellcasting
     0 | D:1      | MisterFreud the Gnoll Wanderer began the quest for the Orb.
     0 | D:1      | MisterFreud set off with the following items: a +0 club, a
                  | +0 robe, 2 potions of curing; and the following spell
                  | memorised: Magic Dart; and the following spells available
                  | to memorise: Blink, Call Imp, Slow, Mephitic Cloud, Conjure
                  | Flame
     0 | D:1      | Reached XP level 1. HP: 13/13 MP: 10/10
   220 | D:1      | Reached XP level 2. HP: 11/19 MP: 3/12
   789 | D:2      | Found a snail-covered altar of Cheibriados.
   918 | D:2      | Reached XP level 3. HP: 4/25 MP: 7/13
  1408 | D:2      | Learned a level 2 spell: Blink
  1411 | D:2      | Learned a level 2 spell: Call Imp
  1478 | D:2      | Found a runed translucent door.
  1479 | D:2      | Noticed Crazy Yiuf
  1746 | D:2      | Reached skill level 1 in Invocations
  1831 | D:2      | Found a faded altar of an unknown god.
  1857 | D:2      | Became a worshipper of Trog the Wrathful
  1857 | D:2      | Reached * piety under Trog
  2179 | D:3      | Reached skill level 1 in Fighting
  2179 | D:3      | Reached skill level 1 in Short Blades
  2179 | D:3      | Reached skill level 1 in Long Blades
  2179 | D:3      | Reached skill level 1 in Axes
  2179 | D:3      | Reached skill level 1 in Maces & Flails
  2179 | D:3      | Reached skill level 1 in Polearms
  2179 | D:3      | Reached skill level 1 in Staves
  2179 | D:3      | Reached skill level 1 in Slings
  2179 | D:3      | Reached skill level 1 in Bows
  2179 | D:3      | Reached skill level 1 in Crossbows
  2179 | D:3      | Reached skill level 1 in Throwing
  2179 | D:3      | Reached skill level 1 in Armour
  2179 | D:3      | Reached skill level 1 in Dodging
  2179 | D:3      | Reached skill level 1 in Stealth
  2179 | D:3      | Reached skill level 1 in Unarmed Combat
  2184 | D:3      | Slain by a worm

Illustrated notes

Levels and vault maps discovered:
D:1:      lightli_arrival_quake, layout_rooms
D:2:      layout_loops_corners, basic_altar,
          shapermc_ecumenical_altar_notcrosses, amcnicky_mini_corridor_feature,
          kennysheep_generic_room_12, uniq_crazy_yiuf_cottage
D:3:      layout_basic

Skill      XL: |  1  2  3 |
---------------+----------+-----
Spellcasting   | |  9.3
Conjurations   | 2 |  2.1
Necromancy     | 2 |  2.1
Transmutations | 2 |  2.1
Poison Magic   | 2 |  2.1
Invocations    | 1 |  1.0
Fighting       | 1 |  1.0
Short Blades   | 1 |  1.0
Long Blades    | 1 |  1.0
Axes           | 1 |  1.0
Maces & Flails | 1 |  1.0
Polearms       | 1 |  1.0
Staves         | 1 |  1.0
Slings         | 1 |  1.0
Bows           | 1 |  1.0
Crossbows      | 1 |  1.0
Throwing       | 1 |  1.0
Armour         | 1 |  1.0
Dodging        | 1 |  1.0
Stealth        | 1 |  1.0
Unarmed Combat | 1 |  1.0
Shields        | |  2.6
Hexes          | |  0.7
Summonings     | |  0.7
Translocations | |  0.7
Fire Magic     | |  0.7
Ice Magic      | |  0.7
Air Magic      | |  0.7
Earth Magic    | |  0.7
Evocations     | |  2.6

Action                   || total
-------------------------++-------
Melee: Club              ||     5
       Mace              ||     4
       Bite              ||     2
 Cast: Magic Dart        ||    75
  Use: Scroll            ||     3
Armor: Robe              ||     4
Dodge: Dodged            ||    17
